 Dungeon Crawl Stone Soup version 0.27.1-16-g815e20cd7a (console) character file.

Game seed: 2260112715992162172

9534 toffzen the Cleaver (level 11, -5/97 HPs)
             Began as a Minotaur Brigand on Nov 22, 2021.
             Was a Priest of Makhleb.
             Slain by a two-headed ogre (22 damage)
             ... on level 10 of the Dungeon.
             The game lasted 00:40:17 (13662 turns).

toffzen the Cleaver (Minotaur Brigand)             Turns: 13662, Time: 00:40:18

Health: -5/97      AC: 18    Str: 18    XL:     11   Next: 24%
Magic:  13/13      EV: 12    Int:  8    God:    Makhleb [***...]
Gold:   914        SH:  5    Dex: 13    Spells: 10/10 levels left

rFire    . . .     SeeInvis +   a - +5 battleaxe
rCold    . . .     Faith    .   (shield currently unavailable)
rNeg     . . .     Spirit   .   m - +2 plate armour
rPois    .         Reflect  +   (helmet restricted)
rElec    .         Harm     .   c - +0 cloak
rCorr    .         Rampage  .   r - +0 pair of gloves
Will     .....                  (no boots)
Stlth    ..........             A - amulet of reflection
HPRegen  0.26/turn              u - ring of see invisible
MPRegen  0.13/turn              f - +4 ring of evasion

@: about to teleport, slowed, very slow
A: horns 2, retaliatory headbutt
a: Renounce Religion, Minor Destruction, Lesser Servant of Makhleb


You were on level 10 of the Dungeon.
You worshipped Makhleb.
Makhleb was most pleased with you.
You visited 2 branches of the dungeon, and saw 11 of its levels.
You also visited: Sewer.

You collected 914 gold pieces.

Inventory:

Hand Weapons
 a - a +5 battleaxe (weapon)
 b - a +2 morningstar of protection
 I - a +0 broad axe
 L - a +3 scimitar of flaming
Missiles
 d - 79 poisoned darts (quivered)
 e - 2 curare-tipped darts
 i - 201 stones
 p - 3 throwing nets
 G - 4 atropa-tipped darts
Armour
 c - a +0 cloak (worn)
 m - a +2 plate armour (worn)
 r - a +0 pair of gloves (worn)
Jewellery
 f - a +4 ring of evasion (right hand)
 l - an amulet of faith
 u - a ring of see invisible (left hand)
 v - a +6 ring of intelligence
 y - an amulet of magic regeneration
 A - an amulet of reflection (around neck)
Wands
 w - a wand of digging (5)
 x - a wand of flame (32)
 D - a wand of polymorph (7)
 H - a wand of acid (9)
 J - a wand of iceblast (12)
Scrolls
 g - 8 scrolls of identify
 h - 2 scrolls of teleportation
 n - a scroll of immolation
 o - 2 scrolls of vulnerability
 s - 3 scrolls of noise
 C - a scroll of magic mapping
 E - a scroll of enchant weapon
 K - a scroll of enchant armour
Potions
 j - a potion of attraction
 k - a potion of heal wounds
 q - 3 potions of flight
 t - 5 potions of curing
 z - a potion of ambrosia
 B - a potion of resistance
 F - a potion of might
 M - a potion of mutation


   Skills:
 + Level 9.4 Fighting
 - Level 2.1 Short Blades
 * Level 12.2 Axes
 - Level 2.0 Throwing
 + Level 9.1 Armour
 + Level 8.3 Dodging
 - Level 3.2 Stealth
 + Level 5.2 Invocations


You had 10 spell levels left.
You didn't know any spells.
Your spell library contained the following spells:

 Spells                   Type           Power      Damage    Failure   Level
 Animate Skeleton         Necr           0%         N/A       100%        1
 Apportation              Tloc           0%         N/A       100%        1
 Corona                   Hex            0%         N/A       100%        1
 Freeze                   Ice            0%         1d3       100%        1
 Sandblast                Erth           0%         2d4       100%        1
 Summon Small Mammal      Summ           0%         N/A       100%        1
 Ensorcelled Hibernation  Hex/Ice        0%         N/A       100%        2
 Passwall                 Tmut/Erth      0%         N/A       100%        2
 Dazzling Flash           Conj/Hex       0%         N/A       100%        3
 Frozen Ramparts          Ice            0%         1d2       100%        3
 Ozocubu's Armour         Ice            0%         N/A       100%        3
 Tukima's Dance           Hex            0%         N/A       100%        3
 Hailstorm                Conj/Ice       0%         3d3       100%        4
 Iskenderun's Mystic Bla  Conj/Tloc      0%         2d3       100%        4
 Summon Ice Beast         Ice/Summ       0%         N/A       100%        4
 Lee's Rapid Deconstruct  Erth           0%         3d5*      100%        5
 Metabolic Englaciation   Hex/Ice        0%         N/A       100%        5
 Summon Mana Viper        Hex/Summ       0%         N/A       100%        5
 Simulacrum               Ice/Necr       0%         N/A       100%        6
 Starburst                Conj/Fire      0%         6d3       100%        6
 Monstrous Menagerie      Summ           0%         N/A       100%        7


Dungeon Overview and Level Annotations

Branches:
Dungeon (10/15)            Temple (1/1) D:6            Lair (0/6) D:9
  Sewer (visited)
    Orc: D:9-12

Altars:
Ashenzari
Cheibriados
Dithmenos
Elyvilon
Fedhas
Gozag
Hepliaklqana
Kikubaaqudgha
Makhleb
Nemelex Xobeh
Okawaru
Qazlal
Ru
Sif Muna
Trog
Uskayaw
Vehumet
Wu Jian
Xom
Yredelemnul
Zin
The Shining One

Shops:
D:5 :   D:9 =

Annotations:
D:9 1 runed translucent door, kalagan's ghost, novice DECj
D:10 exclusion: ice statue


Innate Abilities, Weirdness & Mutations

You have a pair of horns on your head.
You reflexively headbutt those who attack you in melee.


Message History

You feel very sick. The kobold closely misses you.
The kobold hits you but does no damage.
You slice the kobold!!
You kill the kobold!
Makhleb accepts your kill.
You feel better.
You feel very sick.
You feel sick.
The two-headed ogre hits you with a +0 giant spiked club!!
The two-headed ogre hits you with a +0 giant club.
Items here: ))))))))) [[[ ÷÷.
You slash the two-headed ogre!
You headbutt the two-headed ogre, but do no damage.
The two-headed ogre is moderately wounded.
You feel sick.
The two-headed ogre hits you with a +0 giant spiked club!
The two-headed ogre hits you with a +0 giant club.
You are too injured to fight recklessly!
You are too injured to fight recklessly!
Okay, then.
You feel much better.
You feel sick.
You are no longer poisoned.
The two-headed ogre hits you with a +0 giant spiked club!!
The two-headed ogre hits you with a +0 giant club.
You slash the two-headed ogre!
You headbutt the two-headed ogre, but do no damage.
The two-headed ogre is heavily wounded.
The two-headed ogre closely misses you.
The two-headed ogre hits you with a +0 giant club!
* * * LOW HITPOINT WARNING * * *
The two-headed ogre barely misses you.
The two-headed ogre hits you with a +0 giant club.
* * * LOW HITPOINT WARNING * * *
There is an open door, spattered with blood here.
As you read the scroll of teleportation, it crumbles to dust.
You feel strangely unstable.
The two-headed ogre hits you with a +0 giant spiked club!
* * * LOW HITPOINT WARNING * * *
The two-headed ogre hits you with a +0 giant club!!
You die...

........#....##.....##....##
...####'##...##...>........K
######...##...##.........5Kh.
#........#....#..........K3##
#........#....#....[.....K.##
#####........#....#..........K...
.............#...)#......########
...##...##...'.[[O))....## .
...##...##...###@###...## ..
...##...##...##÷))##)..# ...
...##.......(.....#..h##


hK.. ..................#..)# ..≈.. ..................#..K#...≈..
..................#...'.≈≈≈≈≈ .####.####..###...###.#...≈h. .#
#######'###########...≈.. .# #.....)...)[<.# ..... You could see a two-headed
ogre.

Vanquished Creatures
  Erica (D:10)
  A two-headed ogre (D:9)
  Maurice (D:9)
  An efreet (D:10)
  A kobold demonologist (D:9)
  A wyvern (D:8)
  8 yaks
  Grum (D:10)
  4 steam dragons
  2 wargs (D:9)
  Edmund (D:5)
  A water moccasin (D:9)
  8 orc warriors
  A black bear (D:6)
  An ogre (D:9)
  2 ice beasts
  7 sky beasts
  A necrophage (D:7)
  3 wolves (D:10)
  3 centaurs
  A phantom (D:7)
  6 kobold brigands
  3 bullfrogs
  2 gnoll sergeants
  2 scorpions (D:6)
  A water moccasin skeleton (D:5)
  14 wights
  3 howler monkeys
  4 centaur zombies
  4 hounds
  5 orc priests
  A gnoll shaman (D:7)
  10 orc wizards
  A scorpion zombie (D:5)
  A howler monkey zombie (D:9)
  16 gnolls
  7 adders
  A white imp (D:5)
  An adder skeleton (D:4)
  A worm (D:4)
  2 dart slugs
  56 orcs
  7 ball pythons
  5 endoplasms
  2 giant cockroaches
  5 goblins
  9 hobgoblins
  6 jackals
  26 kobolds
  4 quokkas
  7 bats
  A frilled lizard (D:2)
  5 rats
268 creatures vanquished.

Vanquished Creatures (collateral kills)
  A jelly (D:5)
1 creature vanquished.

Vanquished Creatures (others)
  An electric eel (D:10)
  3 plants (D:9)
4 creatures vanquished.

Grand Total: 273 creatures vanquished

Notes
Turn   | Place    | Note
-------+----------+-------------------------------------------
     0 | D:1      | toffzen the Minotaur Brigand began the quest for the Orb.
     0 | D:1      | Reached XP level 1. HP: 18/18 MP: 0/0
   209 | D:1      | Reached skill level 1 in Armour
   209 | D:1      | Reached XP level 2. HP: 25/25 MP: 1/1
  1405 | D:2      | Reached XP level 3. HP: 27/31 MP: 2/2
  1838 | D:3      | Reached skill level 1 in Axes
  2357 | D:2      | Found a faded altar of an unknown god.
  2892 | D:3      | Reached XP level 4. HP: 35/38 MP: 3/3
  2936 | D:3      | Noticed an ice beast
  2978 | D:3      | Killed an ice beast
  2979 | D:3      | Reached skill level 2 in Axes
  2979 | D:3      | Reached XP level 5. HP: 15/46 MP: 4/4
  3238 | D:3      | Found an iron altar of Okawaru.
  3347 | D:3      | Found a hide-covered altar of Uskayaw.
  3450 | D:4      | Found a glowing drain.
  3467 | Sewer    | Entered a sewer
  3532 | Sewer    | Noticed a water moccasin
  3901 | D:4      | Identified the +1 hand axe of Xolelen {protect, Str-3
                  | Int+4}
  3985 | D:4      | Reached skill level 3 in Axes
  4319 | D:4      | Noticed a yak
  4367 | D:5      | Entered Level 5 of the Dungeon
  4479 | D:5      | Noticed Edmund
  4486 | D:5      | Reached XP level 6. HP: 31/52 MP: 5/5
  4494 | D:5      | Killed Edmund
  4495 | D:5      | Reached skill level 4 in Axes
  4772 | D:5      | Noticed a sky beast
  4788 | D:5      | Killed a sky beast
  4825 | D:5      | Found a sacrificial altar of Ru.
  5009 | D:5      | Found a sparkling altar of Nemelex Xobeh.
  5021 | D:5      | Reached XP level 7. HP: 60/60 MP: 6/6
  5115 | D:5      | Reached skill level 5 in Axes
  5353 | D:5      | Found Ikkic's Book Boutique.
  5403 | D:5      | Reached skill level 5 in Fighting
  6158 | D:4      | Noticed a yak
  6163 | D:4      | Noticed a yak
  6180 | D:4      | Killed a yak
  6181 | D:4      | Reached skill level 6 in Axes
  6188 | D:4      | Killed a yak
  6188 | D:4      | Noticed a yak
  6189 | D:4      | Reached skill level 5 in Armour
  6189 | D:4      | Reached XP level 8. HP: 37/70 MP: 7/7
  6495 | D:4      | Reached skill level 7 in Axes
  6495 | D:4      | Reached skill level 5 in Dodging
  7162 | D:6      | Found a glowing silver altar of Zin.
  7221 | D:6      | Reached skill level 8 in Axes
  7471 | D:6      | Found an ornate altar of the Wu Jian Council.
  7658 | D:6      | Reached XP level 9. HP: 78/78 MP: 8/8
  7783 | D:6      | Found a shimmering blue altar of Sif Muna.
  7858 | D:6      | Found a staircase to the Ecumenical Temple.
  7863 | Temple   | Entered the Ecumenical Temple
  8048 | Temple   | Became a worshipper of Makhleb the Destroyer
  8474 | D:7      | Reached skill level 1 in Invocations
  8475 | D:7      | Reached skill level 9 in Axes
  9686 | D:8      | Found a shadowy altar of Dithmenos.
  9796 | D:8      | Reached * piety under Makhleb
 10297 | D:8      | Reached skill level 10 in Axes
 10357 | D:8      | Found a shimmering altar of Xom.
 10357 | D:8      | Found a shimmering altar of Xom.
 10480 | D:8      | Found a shimmering altar of Xom.
 10666 | D:9      | Found a stormy altar of Qazlal.
 10682 | D:9      | Found a broken altar of Ashenzari.
 10794 | D:8      | Reached XP level 10. HP: 77/88 MP: 11/11
 10847 | D:8      | Reached ** piety under Makhleb
 11408 | D:9      | Noticed a two-headed ogre
 11427 | D:9      | Killed a two-headed ogre
 11537 | D:9      | Found a staircase to the Lair.
 11561 | D:9      | Reached skill level 11 in Axes
 11728 | D:9      | Noticed Maurice
 11893 | D:9      | Found a runed translucent door.
 11894 | D:9      | Found the +2 shield of Resistance {rF++ rC++ Will++}
 11895 | D:9      | Noticed kalagan's ghost (novice DECj)
 11895 | D:9      | Noticed a deep troll earth mage
 12194 | D:9      | Found Myatt's Jewellery Shoppe.
 12260 | D:9      | Killed Maurice
 12452 | D:9      | Reached *** piety under Makhleb
 12650 | D:10     | Entered Level 10 of the Dungeon
 12651 | D:10     | Noticed an ice statue
 12814 | D:10     | Noticed Erica
 12826 | D:10     | Killed Erica
 12827 | D:10     | Reached XP level 11. HP: 68/97 MP: 13/13
 12934 | D:10     | Noticed a sun demon
 12944 | D:10     | Noticed Grum
 13249 | D:10     | Reached skill level 12 in Axes
 13258 | D:10     | Killed Grum
 13259 | D:10     | Reached skill level 5 in Invocations
 13654 | D:10     | Noticed a two-headed ogre
 13662 | D:10     | Slain by a two-headed ogre

Illustrated notes

Levels and vault maps discovered:
D:1:      amcnicky_arrival_gap_in_the_tavern_cellar, layout_basic,
          dk_noncrumbling_2, hangedman_decor_riveting
D:2:      layout_basic, dreamdust_ecumenical_altar_angels_and_demons,
          moated_statue
D:3:      minmay_angry_zag, layout_basic, kennysheep_okawaru_gauntlet,
          nicolae_uskayaw_dance_hall, minmay_pentomino_pile
D:4:      minmay_inner_zag, layout_basic, cheibrodos_sewer_entry_bend,
          hangedman_decor_clover_reticule
D:5:      layout_loops_corners, nemelex_diamond_rough_becter,
          old_standard_altar, serial_shops, nicolae_square_shop, serial_glass,
          glass_columns_a, glass_columns_a, due_unseen_surprise, uniq_edmund
D:6:      layout_cave_pools, nicolae_sif_muna_little_library, zin_statuary,
          pdpol_wu_jian_five_deadly_venoms, temple_doors_cd
D:7:      layout_layer_cave
D:8:      layout_rooms, xom_redecorated, overflow_temple_1_default,
          chequers_mini_garden, hangedman_abyss_or_decor_passed
D:9:      layout_roguey [special_room_orc], amcnicky_altar_gilded,
          mainiacjoe_overflow_alcove_4, erik_lair_orcish_takeover,
          ebering_ghost_inner_flame, serial_shops, kennysheep_mini_moat,
          skrybe_limestone_x, hangedman_misty_isle, uniq_maurice
D:10:     layout_gridville, minmay_crystal_water, minivault_16, grunt_potential,
          uniq_fannar, uniq_grum, uniq_erica
Temple:   chequers_temple_sunken

Skill      XL: |  1  2  3  4  5  6  7  8  9 10 11 |
---------------+----------------------------------+-----
Armour         | 1 2 3 4 5 6 7 8 9 |  9.1
Fighting       | 3 4 5 6 8 9 |  9.4
Dodging        | 2 3 4 5 6 8 |  8.3
Axes           | 1 2 3 4 6 8 10 11 12 | 12.2
Invocations    | 3 4 5 |  5.2
Short Blades   | |  2.1
Throwing       | |  2.0
Stealth        | |  3.2

Action                   |  1- 3 |  4- 6 |  7- 9 | 10-12 || total
-------------------------+-------+-------+-------+-------++-------
Melee: Dagger            |    61 |       |       |       ||    61
       Headbutt          |    21 |    15 |    83 |    53 ||   172
       Hand axe          |    80 |   111 |   162 |       ||   353
       War axe           |       |       |   209 |       ||   209
       Broad axe         |       |       |    69 |   197 ||   266
       Battleaxe         |       |       |       |    88 ||    88
Throw: Dart              |     3 |    10 |    16 |     1 ||    30
       Stone             |       |     8 |       |       ||     8
       Throwing net      |       |       |     2 |       ||     2
Invok: Minor Destruction |       |       |       |    12 ||    12
Evoke: Wand              |       |       |       |     1 ||     1
  Use: Scroll            |     2 |     9 |    10 |     4 ||    25
       Potion            |       |     6 |       |     2 ||     8
 Stab: Sleeping          |     2 |       |       |       ||     2
       Distracted        |     1 |       |       |       ||     1
Armor: Robe              |    11 |       |       |       ||    11
       Plate armour      |   104 |    89 |   240 |   152 ||   585
       Ring mail         |     6 |       |       |       ||     6
Dodge: Dodged            |    59 |    42 |   251 |   151 ||   503
Block: Other             |       |       |    31 |    54 ||    85
       Reflection        |       |       |     2 |     3 ||     5
